 Dungeon Crawl Stone Soup version 0.32-a0-986-ga09f62fbf4 (webtiles) character file.

Game seed: 17203373946461648719

115 elagabalus the Chopper (level 4, -6/37 HPs)
             Began as an Armataur Fighter on Apr 21, 2024.
             Mangled by an ogre
             ... wielding a +0 giant club
              (32 damage)
             ... on level 3 of the Dungeon.
             The game lasted 00:10:15 (1361 turns).

elagabalus the Chopper (Armataur Fighter)           Turns: 1361, Time: 00:10:16

Health: -6/37      AC:  9    Str: 23    XL:     4   Next: 68%
Magic:  4/4        EV:  6    Int:  8    God:
Gold:   82         SH:  4    Dex: 10    Spells: 3/3 levels left

rFire   . . .        a - +0 war axe
rCold   . . .        c - +0 buckler
rNeg    . . .        b - +1 scale mail
rPois   .            (no helmet)
rElec   .            (no cloak)
rCorr   .            i - +0 pair of gloves
SInv    .            (no barding)
Will    .....        m - amulet of the acrobat Stlth
                     (no ring)
HPRegen 0.26/turn    (no ring)
MPRegen 0.42/turn

%: acrobat, roll
@: no status effects
A: large, deformed body, tough skin 3, armoured tail, rollpage 1
a: no special abilities


You were on level 3 of the Dungeon.
You visited 1 branch of the dungeon, and saw 3 of its levels.

You collected 82 gold pieces.

Inventory:

Hand Weapons
 a - a +0 war axe (weapon)
 j - a +0 short sword of venom
Missiles
 o - 2 darts of dispersal (quivered)
Armour
 b - a +1 scale mail (worn)
 c - a +0 buckler (worn)
 i - a +0 pair of gloves (worn)
Jewellery
 m - an amulet of the acrobat (around neck)
Scrolls
 h - a scroll of teleportation
 k - a scroll of fog
 l - a scroll of amnesia
Potions
 d - 2 potions of might
 e - 2 potions of heal wounds {unknown}
 f - 3 potions of curing
 g - a potion of haste {unknown}
 n - a potion of brilliance {unknown}


   Skills:
 - Level 2.6 Fighting
 * Level 4.1 Axes
 - Level 3.6 Armour
 - Level 3.2 Shields


You had 3 spell levels left.
You didn't know any spells.
Your spell library contained the following spells:

 Spells                   Type           Power      Damage    Failure   Level
 Sandblast                Erth           0%         2d4       78%         1
 Passwall                 Erth           0%         N/A       98%         3
 Stone Arrow              Conj/Erth      0%         3d7       98%         3


Dungeon Overview and Level Annotations

Branches:
Dungeon (3/15)

Altars:

Shops:
D:2 =


Innate Abilities, Weirdness & Mutations

Armour fits poorly on your strangely shaped body.
You have extremely tough skin. (AC +3)
You have a long armoured tail.
You regenerate magic when rolling toward enemies. (Rampage MPRegen)


Message History

You hit the dart slug but do no damage. The dart slug launches a dart at you.
The slug dart hits you but does no damage.
You slash the dart slug!
The dart slug is almost dead.
The dart slug launches a dart at you.
The slug dart hits you but does no damage.
You hit the dart slug but do no damage. You tail-slap the dart slug.
You kill the dart slug!
There is a stone staircase leading up here.
A goblin comes into view. It is wielding a +0 dagger.
You roll towards the goblin!
You slash the goblin!
You kill the goblin!
Things that are here:
a +0 dagger; a goblin corpse
There is a stone staircase leading up here.
A dart slug comes into view.
The dart slug launches a dart at you. The slug dart misses you.
The dart slug launches a dart at you. The slug dart misses you.
You roll towards the dart slug!
An ogre comes into view. It is wielding a +0 giant club.
The dart slug launches a dart at you. The slug dart misses you.
You hit the dart slug but do no damage.
You tail-slap the dart slug, but do no damage.
The dart slug briefly extends its eye-stalks.
The dart slug completely misses you.
You slash the dart slug!
You kill the dart slug!
The ogre hits you with a +0 giant club!
You barely miss the ogre. You barely miss the ogre.
Your tail-slap misses the ogre.
The ogre hits you with a +0 giant club.
You hit the ogre. You tail-slap the ogre!
The ogre is moderately wounded.
The ogre hits you with a +0 giant club!!
Ouch! That really hurt!
You die...

#.#.##..######
##
#.#....<>....###
.
#.#.............
#.
#.#...######<###
##.# #.#...# #.#
.##...###.#..##
#.#
.............#
#.#
.##....##.#..#
#.#
......O@..#..#
#.###
.###.#.###...#
#.... #.......#
##### #####...#
....# ####.# ..#
##


You could see an ogre.

Vanquished Creatures
  2 adders (D:2)
  2 ufetubi (D:3)
  3 ribbon worms
  3 dart slugs
  8 bats
  8 endoplasms
  4 giant cockroaches
  4 goblins
  6 hobgoblins
  3 jackals (D:2)
  4 kobolds
  3 quokkas
  8 ball pythons
  6 frilled lizards
  6 rats
70 creatures vanquished.

Notes
Turn   | Place    | Note
-------+----------+-------------------------------------------
     0 | D:1      | elagabalus the Armataur Fighter began the quest for the
                  | Orb.
     0 | D:1      | Reached XP level 1. HP: 18/18 MP: 1/1
    44 | D:1      | Reached skill level 2 in Axes
    91 | D:1      | Reached XP level 2. HP: 19/25 MP: 2/2
   393 | D:1      | Reached XP level 3. HP: 30/30 MP: 3/3
   522 | D:1      | Reached skill level 3 in Axes
   829 | D:2      | Found Gote's Jewellery Emporium.
   854 | D:2      | Reached XP level 4. HP: 37/37 MP: 4/4
  1145 | D:3      | Reached skill level 4 in Axes
  1356 | D:3      | Noticed an ogre
  1361 | D:3      | Mangled by an ogre

Illustrated notes

Levels and vault maps discovered:
D:1:      ebering_hopf_link, layout_basic
D:2:      layout_basic, serial_shops, nicolae_shop_gaudy_bauble
D:3:      layout_loops_ring

Skill      XL: |  1  2  3  4 |
---------------+-------------+-----
Axes           | 2 3 4 |  4.1
Fighting       | |  2.6
Armour         | |  3.6
Shields        | |  3.2

Action                     |  1- 3 |  4- 6 || total
---------------------------+-------+-------++-------
  Melee: War axe           |   104 |    55 ||   159
         Tailslap          |    10 |     7 ||    17
    Use: Scroll            |     4 |     4 ||     8
 Armour: Scale mail        |    78 |    51 ||   129
  Dodge: Dodged            |    44 |    28 ||    72
  Block: Buckler           |    23 |    13 ||    36

Table legend: (Time is in decaauts)
 A = Elapsed time spent in this place.
 B = Non-inter-level travel time spent in this place.
 C = Inter-level travel time spent in this place.
 D = Time resting spent in this place.
 E = Time spent auto-exploring this place.
 F = Levels seen in this place.
 G = Mean time per level.
                   A        B        C        D        E       F      G
               +--------+--------+--------+--------+--------+-----+--------+
         Total |   1419 |   1415 |      4 |      0 |      0 |   3 |  473.0 |
       Dungeon |   1419 |   1415 |      4 |      0 |      0 |   3 |  473.0 |
               +--------+--------+--------+--------+--------+-----+--------+

Top non-repeatable levels by time:
     D:2: 648 daAuts
     D:1: 537 daAuts
     D:3: 233 daAuts
